 Dungeon Crawl Stone Soup version 0.30-a0-591-g3c58d2bc28 (webtiles) character file.

Game seed: 10624599957564663584

50 wormed the Insei (level 3, 0/34 HPs)
             Began as an Octopode Transmuter on Jan 5, 2023.
             Slain by a gnoll
             ... wielding a +0 spear
              (4 damage)
             ... on level 3 of the Dungeon.
             The game lasted 00:02:39 (2017 turns).

wormed the Insei (Octopode Transmuter)              Turns: 2017, Time: 00:02:40

Health: 0/34       AC: 21    Str:  9    XL:     3   Next: 79%
Magic:  5/5        EV:  2    Int: 17    God:
Gold:   103        SH:  0    Dex: 12    Spells: 3/6 levels left

rFire   . . .      SeeInvis .      - Unarmed
rCold   . . .      Faith    .    (no shield)
rNeg    . . .      Spirit   .    (helmet currently unavailable)
rPois   +          Reflect  .    (no amulet)
rElec   .          Harm     .    (no ring)
rCorr   .          Rampage  .    (no ring)
Will    .....      Clarity  +    (no ring)
Stlth   +          NoTele   +    (no ring)
HPRegen 0.25/turn                (no ring)
MPRegen 0.09/turn                (no ring)
                                 (no ring)
                                 (no ring)

@: tree-form, wereblooded (expiring)
A: stationary, stasis, torment immunity, boosted hp, almost no armour,
(amphibious), 8 rings, (camouflage 1), (gelatinous body 1), (nimble swimmer 1),
(tentacles), clarity, low MP 1
a: no special abilities


You were on level 3 of the Dungeon.
You were a tree.
You visited 1 branch of the dungeon, and saw 3 of its levels.

You collected 103 gold pieces.

Inventory:

Scrolls
 b - a scroll of amnesia
 c - 2 scrolls of identify
 e - a scroll of blinking
 h - a scroll of torment {unknown}


   Skills:
 + Level 1.5 Fighting
 + Level 2.3 Dodging
 + Level 3.3 Unarmed Combat
 + Level 2.2 Spellcasting
 * Level 2.8 Transmutations
 + Level 0.7 Ice Magic


You had 3 spell levels left.
You knew the following spells:

 Your Spells              Type           Power      Damage    Failure   Level
a - Beastly Appendage     Tmut           22%        N/A       6%          1
b - Wereblood             Tmut           11%        N/A       9%          2

Your spell library contained the following spells:

 Spells                   Type           Power      Damage    Failure   Level
 Spider Form              Tmut/Pois      6%         N/A       32%         3
 Ice Form                 Ice/Tmut       7%         N/A       67%         4


Dungeon Overview and Level Annotations

Branches:
Dungeon (3/15)

Altars:

Shops:
D:1 *


Innate Abilities, Weirdness & Mutations

You are a tree.
Your roots penetrate the ground, keeping you stationary.
You cannot be teleported.
You are immune to unholy pain and torment.
Your maximum health is greatly increased.
You cannot wear most types of armour.
((You are amphibious.))
You can wear up to eight rings at the same time.
((Your skin changes colour to match your surroundings (Stealth+).))
((Your rubbery body absorbs attacks. (AC +1, EV +1)))
((You are camouflaged when in or above water. (Stealth+)))
((You have tentacles for arms and can constrict up to eight enemies at once.))
You possess an exceptional clarity of mind.
Your magical capacity is low. (-10% MP)


Message History

You grab the gnoll.
You pierce the gnoll.
The gnoll is moderately wounded.
You howl as the wereblood boils in your veins!
You constrict the gnoll. The gnoll hits you with a +0 club!
The gnoll hits you from afar with a +0 spear!
Your tentacle spike disappears.
You turn into a tree.
Your roots penetrate the ground.
You lose your grip on the gnoll.
The gnoll completely misses you. The gnoll hits you but does no damage.
You hit the gnoll.
The gnoll is moderately wounded.
You hit the gnoll.
The gnoll is severely wounded.
The gnoll hits you from afar with a +0 spear.
* * * LOW HITPOINT WARNING * * *
The gnoll hits you but does no damage.
You smack the gnoll!
You feel a bit better.
You kill the gnoll!
The gnoll hits you but does no damage. x2
It was a potion of mutation.
You feel extremely strange.
You feel less energetic.
Your thoughts seem clearer.
The gnoll hits you but does no damage. x2
It was a potion of flight.
Your roots keep you in place.
The gnoll barely misses you. The gnoll hits you but does no damage.
It was a potion of magic.
Magic courses through your body. The gnoll hits you but does no damage.
The gnoll hits you from afar with a +0 spear.
* * * LOW HITPOINT WARNING * * *
As you read the scroll labelled RAROIB LOQE, it crumbles to dust.
It is a scroll of identify.
b - a scroll of amnesia The gnoll hits you but does no damage.
The gnoll hits you from afar with a +0 spear.
* * * LOW HITPOINT WARNING * * *
As you read the scroll of identify, it crumbles to dust.
e - a scroll of blinking Your primal bloodlust is almost over.
The gnoll hits you but does no damage.
The gnoll hits you from afar with a +0 spear.
You die...

#.##
#.#.##
#.###.#
## #..#
#.#.#
###.#
#g# #.#
#♣#
#.)g#
#####


You could see 2 gnolls.

Vanquished Creatures
  2 gnolls (D:3)
  A dart slug (D:2)
  4 bats
  3 endoplasms
  3 giant cockroaches
  3 goblins
  A hobgoblin (D:1)
  A quokka (D:1)
  2 ball pythons (D:1)
  3 kobolds
  4 rats
27 creatures vanquished.

Notes
Turn   | Place    | Note
-------+----------+-------------------------------------------
     0 | D:1      | wormed the Octopode Transmuter began the quest for the Orb.
     0 | D:1      | Reached XP level 1. HP: 13/13 MP: 3/3
    81 | D:1      | Reached XP level 2. HP: 13/18 MP: 3/5
   153 | D:1      | Learned a level 2 spell: Wereblood
   302 | D:1      | Found a faded altar of an unknown god.
  1034 | D:1      | Found Vawata's General Store.
  1353 | D:2      | Reached XP level 3. HP: 23/23 MP: 2/6
  2013 | D:3      | Gained mutation: Your magical capacity is low. (-10% MP)
                  | [potion of mutation]
  2013 | D:3      | Gained mutation: You possess an exceptional clarity of
                  | mind. [potion of mutation]
  2017 | D:3      | Slain by a gnoll

Illustrated notes

Levels and vault maps discovered:
D:1:      wander_arrival_estate, layout_basic, serial_shops,
          nicolae_shop_window_shopping, chequers_ecumenical_altar_grove,
          interstate_on_off, corexii_hall_statues_x
D:2:      layout_basic
D:3:      minmay_razor_zed, layout_loops_ring, nicolae_hepliaklqana_hippocampus,
          cheibrodos_sewer_entry_sluice, chequers_serial_rivers_small_3,
          hangedman_decor_clover_reticule, uniq_ijyb

Action                   || total
-------------------------++-------
Melee: Unarmed           ||    46
       Kick              ||    18
       Constrict         ||    15
       Tentacles         ||     6
       Punch             ||     1
 Cast: Beastly Appendage ||    21
       Wereblood         ||    16
  Use: Potion            ||     4
       Scroll            ||     2
 Stab: Sleeping          ||     4
Armor: Skin              ||    12
Dodge: Dodged            ||    31

Table legend: (Time is in decaauts)
 A = Elapsed time spent in this place.
 B = Non-inter-level travel time spent in this place.
 C = Inter-level travel time spent in this place.
 D = Time resting spent in this place.
 E = Time spent auto-exploring this place.
 F = Levels seen in this place.
 G = Mean time per level.
                   A        B        C        D        E       F      G
               +--------+--------+--------+--------+--------+-----+--------+
         Total |   2014 |   1962 |     52 |      0 |   1719 |   3 |  671.3 |
       Dungeon |   2014 |   1962 |     52 |      0 |   1719 |   3 |  671.3 |
               +--------+--------+--------+--------+--------+-----+--------+

Top non-repeatable levels by time:
     D:1: 1050 daAuts
     D:2: 933 daAuts
     D:3: 29 daAuts
